 Dungeon Crawl Stone Soup version 0.29-a0-925-g0a7a3d12f8 (webtiles) character file.

Game seed: 4260737159053961659

168 gelatine the Chopper (level 5, -2/39 HPs)
             Began as a Demonspawn Gladiator on July 28, 2022.
             Slain by a kobold brigand
             ... wielding a +2 whip of venom
              (10 damage)
             ... on level 3 of the Dungeon.
             The game lasted 00:05:55 (2651 turns).

gelatine the Chopper (Demonspawn Gladiator)         Turns: 2651, Time: 00:05:57

Health: -2/39      AC:  9    Str: 14    XL:     5   Next: 24%
Magic:  5/5        EV: 11    Int:  9    God:
Gold:   149        SH:  0    Dex: 14    Spells: 3/4 levels left

rFire   + . .      SeeInvis .   a - +0 war axe
rCold   + . .      Faith    .   (no shield)
rNeg    . . .      Spirit   .   q - +1 scale mail of the Past {rElec rCorr Str-3}
rPois   +          Reflect  .   c - +0 helmet
rElec   +          Harm     .   m - +0 cloak
rCorr   +          Rampage  .   (no gloves)
Will    .....                   (no boots)
Stlth   +.........              (no amulet)
HPRegen 0.13/turn               (no ring)
MPRegen 0.09/turn               (no ring)

@: lethally poisoned (-2 -> -7), resistant, attractive
A: hooves 1, ignite blood 1, sturdy frame 1
a: no special abilities


You were on level 3 of the Dungeon.
You visited 1 branch of the dungeon, and saw 3 of its levels.

You collected 149 gold pieces.

Inventory:

Hand Weapons
 a - a +0 war axe (weapon)
Missiles
 d - 3 throwing nets (quivered)
 e - a javelin
 u - 4 poisoned darts
Armour
 b - a +0 leather armour
 c - a +0 helmet (worn)
 g - a +0 ring mail
 m - a +0 cloak (worn)
 q - the +1 scale mail of the Past (worn) {rElec rCorr Str-3}
   (You found it on level 2 of the Dungeon)

   Str:       It affects your strength (-3).
   rElec:     It insulates you from electricity.
   rCorr:     It protects you from acid and corrosion.
 B - a +1 scale mail of willpower
Magical Staves
 r - a staff of fire
Wands
 t - a wand of digging (4)
Scrolls
 f - a scroll of immolation {unknown}
 h - 4 scrolls of teleportation {unknown}
 j - a scroll of torment {unknown}
 p - a scroll of magic mapping {unknown}
 s - 2 scrolls of amnesia {unknown}
 v - a scroll of identify
 w - a scroll of enchant weapon {unknown}
 y - a scroll of noise {unknown}
 z - a scroll of enchant armour {unknown}
 A - a scroll of fear {unknown}
Potions
 i - a potion of cancellation
 k - a potion of brilliance
 l - a potion of flight
 x - a potion of ambrosia


   Skills:
 + Level 2.6 Fighting
 + Level 4.3 Axes
 + Level 1.8 Throwing
 + Level 1.7 Armour
 + Level 3.2 Dodging
 + Level 0.1 Stealth


You had 3 spell levels left.
You knew the following spells:

 Your Spells              Type           Power      Damage    Failure   Level
a - Necrotise             Necr           0%         1d4       71%         1

Your spell library contained the following spells:

 Spells                   Type           Power      Damage    Failure   Level
 Vampiric Draining        Necr           0%         2d6       97%         3
 Agony                    Necr           0%         N/A       100%        5


Dungeon Overview and Level Annotations

Branches:
Dungeon (3/15)

Altars:
Ru


Innate Abilities, Weirdness & Mutations

You have large cloven feet.
Your demonic aura sometimes causes spilled blood to erupt in flames.
Your movements are slightly less encumbered by armour. (ER -2)


Message History

Greasedhog's ghost is almost destroyed.
Greasedhog's ghost hits you but does no damage.
You bump into the rock wall.
Greasedhog's ghost gestures at you while chanting.
The blast of sand hits you but does no damage.
You barely miss greasedhog's ghost.
Greasedhog's ghost is almost destroyed.
You hit greasedhog's ghost.
You destroy greasedhog's ghost!
The kobold brigand throws a poisoned dart.
The poisoned dart barely misses you. The kobold hits you but does no damage.
Your Axes skill increases to level 4!
You have reached level 5!
Your demonic ancestry asserts itself...
Your blood heats up.
You completely miss the kobold.
You feel less invigorated.
You feel less confused.
You barely miss the kobold brigand. You barely miss the kobold brigand.
Your kick misses the kobold brigand.
The kobold brigand hits you with a +2 whip of venom.
You slash the kobold brigand! You kick the kobold brigand.
The kobold brigand is heavily wounded.
The kobold brigand hits you with a +2 whip of venom.
You are poisoned.
The kobold brigand hits you with a +2 whip of venom!
You hit the kobold brigand. Your kick misses the kobold brigand.
The kobold brigand is severely wounded.
You feel very sick. The kobold brigand closely misses you.
You slash the kobold brigand!
The kobold brigand is almost dead.
You feel sick.
The kobold brigand hits you with a +2 whip of venom!
You barely miss the kobold brigand.
The kobold brigand is almost dead.
You feel sick.
The kobold brigand hits you with a +2 whip of venom.
* * * LOW HITPOINT WARNING * * *
The kobold brigand hits you with a +2 whip of venom!
You die...

###############.#######.#.#.#
............# #.##$[.##.#.#.#####
###########.# ###.....###.#......
....# ####<## #..#.#..##.#######
....# #.....# #8.#.#.8##.# ....#
#.....# #..#.#..##.# ....#
#.....####KK...###.####### ....#
#...>>##.##'''##.#.##..... ....#
#.....'..@KKK....#.##.#### #####
#.....######.###.#..#.# #
###########.............##.#.# #
............##############.#.####
.......................# #.#.#...
##############..######.###†#.#.##
#.......# #...............#.##
#.#####.# #.............#.#...
#.# ##'#####..#####.####.#...#.


You could see a kobold brigand and 4 kobolds.

Vanquished Creatures
  The ghost of greasedhog the Digger, an amateur GrEE (D:3)
  3 adders
  A worm (D:2)
  2 dart slugs (D:1)
  6 orcs (D:3)
  8 ball pythons
  3 endoplasms
  2 giant cockroaches
  8 goblins
  3 jackals (D:1)
  4 quokkas
  7 bats
  2 frilled lizards (D:1)
  7 kobolds
  4 rats
61 creatures vanquished.

Vanquished Creatures (others)
  2 demonic plants (D:1)
  3 fungi
  4 plants
  3 withered plants (D:1)
12 creatures vanquished.

Grand Total: 73 creatures vanquished

Notes
Turn   | Place    | Note
-------+----------+-------------------------------------------
     0 | D:1      | gelatine the Demonspawn Gladiator began the quest for the
                  | Orb.
     0 | D:1      | Reached XP level 1. HP: 16/16 MP: 1/1
   126 | D:1      | Reached skill level 3 in Axes
   129 | D:1      | Gained mutation: You have large cloven feet. [demonic
                  | ancestry]
   129 | D:1      | Reached XP level 2. HP: 9/22 MP: 2/2
   424 | D:1      | Found a faded altar of an unknown god.
   691 | D:1      | Gained mutation: Your movements are slightly less
                  | encumbered by armour. (ER -2) [demonic ancestry]
   691 | D:1      | Reached XP level 3. HP: 21/27 MP: 3/3
  1156 | D:2      | Identified the +1 scale mail of the Past {rElec rCorr
                  | Str-3}
  1179 | D:2      | Found a sacrificial altar of Ru.
  1535 | D:3      | Found a runed translucent gate.
  1535 | D:3      | Found a runed translucent gate.
  1539 | D:3      | Found a runed translucent gate.
  1539 | D:3      | Noticed greasedhog's ghost (amateur GrEE)
  1540 | D:3      | Noticed a kobold brigand
  1542 | D:3      | Reached XP level 4. HP: 30/34 MP: 4/4
  1790 | D:3      | Learned a level 1 spell: Necrotise
  1806 | D:3      | Reached skill level 1 in Armour
  2644 | D:3      | Killed greasedhog's ghost
  2645 | D:3      | Reached skill level 4 in Axes
  2645 | D:3      | Gained mutation: Your demonic aura sometimes causes spilled
                  | blood to erupt in flames. [demonic ancestry]
  2645 | D:3      | Reached XP level 5. HP: 39/39 MP: 5/5
  2651 | D:3      | Slain by a kobold brigand

Illustrated notes

Levels and vault maps discovered:
D:1:      dpeg_arrival_solitude, layout_basic, shapermc_ecumenical_altar_gd
D:2:      layout_basic, basic_altar, minmay_misc_feat_four_crosses,
          minmay_misc_feat_rows
D:3:      layout_basic, gammafunk_ghost_nasty_kobolds

Skill      XL: |  1  2  3  4 |
---------------+-------------+-----
Axes           | 3 4 |  4.3
Dodging        | 3 |  3.2
Armour         | 1 |  1.7
Fighting       | |  2.6
Throwing       | |  1.8
Stealth        | |  0.1

Action                   |  1- 3 |  4- 6 || total
-------------------------+-------+-------++-------
Melee: War axe           |    91 |    67 ||   158
       Kick              |    16 |    14 ||    30
  Use: Scroll            |     3 |       ||     3
       Potion            |       |     3 ||     3
Armor: Leather armour    |     3 |       ||     3
       Ring mail         |    43 |    22 ||    65
       Scale mail        |       |     8 ||     8
Dodge: Dodged            |    75 |    45 ||   120

Table legend: (Time is in decaauts)
 A = Elapsed time spent in this place.
 B = Non-inter-level travel time spent in this place.
 C = Inter-level travel time spent in this place.
 D = Time resting spent in this place.
 E = Time spent auto-exploring this place.
 F = Levels seen in this place.
 G = Mean time per level.
                   A        B        C        D        E       F      G
               +--------+--------+--------+--------+--------+-----+--------+
         Total |   2701 |   2653 |     48 |      0 |   2126 |   3 |  900.3 |
       Dungeon |   2701 |   2653 |     48 |      0 |   2126 |   3 |  900.3 |
               +--------+--------+--------+--------+--------+-----+--------+

Top non-repeatable levels by time:
     D:3: 1144 daAuts
     D:1: 1111 daAuts
     D:2: 445 daAuts
